 Dungeon Crawl Stone Soup version 0.24.0-2-g5b39cebb1c (webtiles) character file.

Game seed: 13838102082943755634, levelgen mode: deterministic

27818 SaintRoka the Blocker (level 13, -5/137 HPs)
             Began as an Ogre Berserker on Oct 30, 2019.
             Was an Elder of Trog.
             Slain by a black mamba (11 damage)
             ... on level 2 of the Lair of Beasts.
             The game lasted 00:32:57 (18847 turns).

SaintRoka the Blocker (Ogre Berserker)             Turns: 18847, Time: 00:32:57

Health: -5/137     AC:  5    Str: 33    XL:     13   Next: 34%
Magic:  17/17      EV:  5    Int:  9    God:    Trog [****..]
Gold:   945        SH:  0    Dex: 11    Spells: 12/12 levels left

rFire    + + .     SeeInvis .   D - +9 war axe of Wyrd {pain, rPois Dex+3}
rCold    + . .     Gourm    .   i - +3 shield
rNeg     . . .     Faith    .   O - +0 troll leather armour
rPois    +         Spirit   .   H - +0 hat "Bics" {rF+ Str+4} (curse)
rElec    .         Reflect  .   (no cloak)
rCorr    .         Harm     .   (gloves unavailable)
MR       +....                  (boots unavailable)
Stlth    +.........             (no amulet)
HPRegen  0.72/turn              Q - ring of protection from cold
MPRegen  0.15/turn              s - ring of protection from fire

@: marked, held
A: large, unfitting armour, strong 1, tough skin 1, MP-powered wands
a: Berserk, Trog's Hand, Brothers in Arms, Renounce Religion


You were on level 2 of the Lair of Beasts.
You worshipped Trog.
Trog was greatly pleased with you.
You were very hungry.

You visited 3 branches of the dungeon, and saw 17 of its levels.
You also visited: Bailey and Gauntlet.

You collected 945 gold pieces.

Inventory:

Hand Weapons
 a - a +1 war axe of chopping
 t - a +2 vampiric demon whip
 D - the +9 war axe of Wyrd (weapon) {pain, rPois Dex+3}
   (You found it on level 7 of the Dungeon)

   In the hands of one skilled in necromantic magic, it inflicts extra damage on
   living creatures.
   It affects your dexterity (+3).
   It protects you from poison.
 P - a cursed +2 vampiric battleaxe
Missiles
 x - 27 boomerangs (quivered)
 F - 4 boomerangs of dispersal
 J - 9 throwing nets
 M - 4 silver javelins
 V - 17 javelins
Armour
 b - a +0 animal skin
 i - a +3 shield (worn)
 H - the cursed +0 hat "Bics" (worn) {rF+ Str+4}
   (You found it in a Gauntlet)

   It affects your strength (+4).
   It protects you from fire.
   It has a curse placed upon it.
 O - a +0 troll leather armour (worn)
Jewellery
 f - an uncursed ring of ice
 p - an uncursed ring of wizardry
 s - a ring of protection from fire (right hand)
 y - an uncursed ring of fire
 E - the ring of Sin {*Slow rF+ rN+ Dex+7}
   (You found it in a Gauntlet)

   [ring of protection from fire]

   It affects your dexterity (+7).
   It protects you from fire.
   It protects you from negative energy.
   It may slow you when you take damage.
 Q - a ring of protection from cold (left hand)
Wands
 u - a wand of iceblast (7)
 G - a wand of paralysis (5)
 L - a wand of clouds (10)
 N - a wand of enslavement (10)
 R - a wand of acid (4)
 T - a wand of scattershot (7)
 W - a wand of digging (8)
 X - a wand of disintegration (20)
 Y - a wand of polymorph (10)
Scrolls
 e - 9 scrolls of teleportation
 h - 6 scrolls of amnesia
 k - a scroll of identify
 m - 12 scrolls of remove curse
 n - 2 scrolls of enchant armour
 r - 2 scrolls of immolation
 w - 6 scrolls of magic mapping
 C - a scroll of vulnerability
 Z - 3 scrolls of random uselessness
Potions
 d - a potion of resistance
 g - 7 potions of curing
 j - 4 potions of heal wounds
 l - 3 potions of ambrosia
 o - 4 potions of might
 q - a potion of cancellation
 v - 2 potions of flight
 z - 3 potions of brilliance
 A - a potion of haste
 B - 2 potions of magic
 K - a potion of berserk rage
 U - 2 potions of agility
Miscellaneous
 I - 2 sacks of spiders
Comestibles
 c - 22 rations


   Skills:
 + Level 11.3 Fighting
 + Level 10.8 Axes
 + Level 8.4 Throwing
 - Level 2.6 Dodging
 + Level 12.5 Shields
 + Level 6.6 Evocations


You had 12 spell levels left.
You didn't know any spells.
Your spell library contained the following spells:

 Spells                   Type           Power        Failure   Level  Hunger
 Confusing Touch          Hex            #.....       41%         1    ##.....
 Corona                   Hex            #......      41%         1    ##.....
 Sandblast                Erth           #.....       41%         1    ##.....
 Ensorcelled Hibernation  Hex/Ice        #.....       56%         2    ###....
 Passwall                 Tmut/Erth      #.......     56%         2    ###....
 Swiftness                Chrm/Air       #.......     56%         2    ###....
 Confuse                  Hex            #.......     80%         3    ####...
 Dazzling Spray           Conj/Hex       #.....       80%         3    ####...
 Gell's Gravitas          Tloc           #.........   80%         3    ####...
 Stone Arrow              Conj/Erth      #.....       80%         3    ####...
 Tukima's Dance           Hex            #.......     80%         3    ####...
 Passage of Golubria      Tloc           N/A          99%         4    #####..
 Petrify                  Tmut/Erth      #.......     99%         4    #####..
 Lee's Rapid Deconstruct  Erth           #.........   100%        5    ######.
 Metabolic Englaciation   Hex/Ice        #.........   100%        5    ######.
 Yara's Violent Unravell  Hex/Tmut       #.........   100%        5    ######.
 Darkness                 Hex            #.........   100%        6    #######
 Invisibility             Hex            #.......     100%        6    #######


Dungeon Overview and Level Annotations

Branches:
Dungeon (14/15)            Temple (1/1) D:4            Lair (2/6) D:11
 Spider (0/4) Lair:2          Orc (0/2) D:9          Vaults (0/5) D:14
 Bailey (visited)         Gauntlet (visited)
  Swamp: Lair:2-4    Shoals: Lair:2-4

Altars:
Ashenzari
Cheibriados
Dithmenos
Elyvilon
Fedhas
Gozag
Hepliaklqana
Kikubaaqudgha
Makhleb
Nemelex Xobeh
Okawaru
Qazlal
Ru
Sif Muna
Trog
Uskayaw
Vehumet
Wu Jian
Xom
Yredelemnul
Zin
The Shining One

Annotations:
D:12 Jorgrun
Lair:2 Harold


Innate Abilities, Weirdness & Mutations

You are too large for most types of armour.
You have tough skin. (AC +1)
Your muscles are strong. (Str +2)
You expend magic power (3 MP) to strengthen your wands.


Message History

You block the komodo dragon's attack. The black mamba bites you!!
The bullfrog hits you but does no damage.
Unknown command.
You fail to use your ability.
The black mamba bites you!
* * * LOW HITPOINT WARNING * * *
You block the bullfrog's attack. You block the komodo dragon's attack.
Harold throws a throwing net.
The throwing net hits you.
You become entangled in the net!
Press: ? - help, v - describe, . - travel, g - get item A throwing net.
The floor.
Unknown command.
You struggle against the net.
The black mamba barely misses you. The bullfrog hits you.
* * * LOW HITPOINT WARNING * * *
The black mamba barely misses you. The komodo dragon bites you!!
* * * LOW HITPOINT WARNING * * *
The bullfrog barely misses you.
You tear a large gash into the net.
The black mamba bites you!
You die...

..........## ...........#
#..........#
......)....## ######
#...........# .#P#.##
P...........# ####.......
............###..........
#........................
##.........#P#..@@.......
..........####.FSl.......
#..........# #...........
#..#.....####......r.....
..####.P## ##>..........
.## #### #........... ..#
#.#......... .##
##.......... ...
..........


You could see Harold, a komodo dragon, a black mamba, a bullfrog and a
porcupine.

Vanquished Creatures
  A minotaur (Gauntlet)
  4 vault guards (D:14)
  4 two-headed ogres
  A catoblepas (D:14)
  A hell hog (Gauntlet)
  A deep elf mage (D:9)
  4 ugly things
  A guardian serpent (D:11)
  2 spiny frogs (Lair:1)
  A rime drake (Lair:2)
  A kobold demonologist (D:13)
  A troll (D:9)
  A hornet (D:9)
  A raiju (Gauntlet)
  2 hippogriffs (Lair:1)
  4 wyverns
  16 yaks
  A basilisk (Lair:1)
  2 fire bats (Gauntlet)
  3 hungry ghosts
  An acid dragon (D:11)
  A hell hound (Gauntlet)
  A hornet zombie (D:14)
  5 porcupines
  4 orc warriors
  2 ice beasts
  5 sky beasts
  5 black bears
  3 phantoms
  A necrophage (D:9)
  4 wolves (Lair:1)
  4 ogres
  11 centaurs
  A crocodile (D:9)
  7 bullfrogs
  9 gnoll sergeants
  A water moccasin zombie (D:9)
  3 scorpions
  2 water moccasin skeletons (D:7)
  A wyvern skeleton (D:12)
  8 wights (D:11)
  2 howler monkeys
  An electric eel (Lair:1)
  2 bullfrog zombies
  6 crimson imps
  A quasit (D:11)
  6 gnoll shamans (Bailey)
  11 hounds
  5 jellies
  4 centaur skeletons
  3 orc priests
  3 bullfrog skeletons
  12 worker ants
  5 iguanas
  2 lightning spires (Gauntlet)
  9 orc wizards
  A hound zombie (D:5)
  A hound skeleton (D:7)
  3 worker ant zombies (D:5)
  A howler monkey skeleton (D:7)
  21 gnolls
  10 adders
  An ooze (D:1)
  3 worms
  3 dart slugs
  7 leopard geckos
  38 orcs
  8 giant cockroaches
  5 goblins
  3 hobgoblins (D:2)
  19 jackals
  5 quokkas
  10 bats
  3 frilled lizards
  10 kobolds
  A quokka skeleton (D:6)
  A quokka zombie (D:6)
  6 rats
  A bush (D:6)
  A fungus (D:11)
365 creatures vanquished.

Vanquished Creatures (collateral kills)
  Gastronok (D:11)
  4 vault guards (D:14)
  Sonja (D:12)
  3 ugly things (D:14)
  A minotaur zombie (Gauntlet)
  A troll (D:12)
  A big kobold (D:11)
  A bullfrog (D:11)
13 creatures vanquished.

Vanquished Creatures (others)
  11 fungi (D:11)
  2 plants (D:11)
13 creatures vanquished.

Grand Total: 391 creatures vanquished

Notes
Turn   | Place    | Note
-------+----------+-------------------------------------------
     0 | D:1      | SaintRoka the Ogre Berserker began the quest for the Orb.
     0 | D:1      | Reached XP level 1. HP: 24/24 MP: 1/1
   105 | D:1      | Reached XP level 2. HP: 15/32 MP: 2/2
   510 | D:1      | Reached XP level 3. HP: 39/39 MP: 3/3
  1309 | D:2      | Reached ** piety under Trog
  1314 | D:2      | Reached skill level 1 in Shields
  1314 | D:2      | Reached XP level 4. HP: 31/48 MP: 4/4
  2771 | D:3      | Reached skill level 2 in Shields
  2805 | D:3      | Reached XP level 5. HP: 15/54 MP: 5/5
  3088 | D:3      | Reached *** piety under Trog
  3600 | D:3      | Found a glowing golden altar of the Shining One.
  3732 | D:3      | Reached skill level 5 in Axes
  3973 | D:4      | Found a staircase to the Ecumenical Temple.
  3998 | D:4      | Reached skill level 3 in Shields
  4175 | Temple   | Entered the Ecumenical Temple
  4347 | D:4      | Reached XP level 6. HP: 62/62 MP: 6/6
  4485 | D:4      | Noticed a phantom
  4600 | D:4      | Killed a phantom
  4600 | D:4      | Reached skill level 4 in Shields
  5032 | D:4      | Reached XP level 7. HP: 26/70 MP: 7/7
  5894 | D:5      | Entered Level 5 of the Dungeon
  5957 | D:5      | Reached skill level 5 in Shields
  6667 | D:5      | Found a sparkling altar of Nemelex Xobeh.
  6685 | D:5      | Reached XP level 8. HP: 64/78 MP: 8/8
  6725 | D:5      | Reached skill level 6 in Shields
  7683 | D:6      | Reached skill level 1 in Throwing
  7759 | D:6      | Found a stormy altar of Qazlal.
  7765 | D:6      | Found a hide-covered altar of Uskayaw.
  7853 | D:6      | Reached skill level 7 in Shields
  8318 | D:6      | Found a hazy altar of Hepliaklqana.
  8325 | D:6      | Received a gift from Trog
  8435 | D:6      | Reached XP level 9. HP: 60/85 MP: 9/9
  8572 | D:6      | Found a sparkling altar of Nemelex Xobeh.
  8682 | D:6      | Found a snail-covered altar of Cheibriados.
  8711 | D:7      | Got a polished war axe
  8712 | D:7      | Identified the +9 war axe of Wyrd {pain, rPois Dex+3} (You
                  | found it on level 7 of the Dungeon)
  8780 | D:7      | Found a flagged portal.
  8792 | Bailey   | Entered a bailey
  8799 | Bailey   | Reached skill level 5 in Fighting
  9004 | Bailey   | Reached skill level 1 in Evocations
  9214 | Bailey   | Reached **** piety under Trog
  9214 | Bailey   | Reached skill level 8 in Shields
 10166 | D:7      | Received a gift from Trog
 11315 | D:8      | Reached XP level 10. HP: 98/100 MP: 11/11
 12041 | D:9      | Reached skill level 9 in Shields
 12052 | D:9      | Noticed a deep elf mage
 12081 | D:9      | Killed a deep elf mage
 12349 | D:9      | Reached skill level 5 in Throwing
 12399 | D:9      | Found a staircase to the Orcish Mines.
 12880 | D:9      | Noticed a two-headed ogre
 12894 | D:9      | Killed a two-headed ogre
 12894 | D:9      | Reached XP level 11. HP: 68/111 MP: 13/13
 13037 | D:9      | Reached skill level 10 in Shields
 13157 | D:10     | Entered Level 10 of the Dungeon
 13171 | D:10     | You fall into a shaft and drop 1 floor!
 13281 | D:11     | Reached ***** piety under Trog
 13439 | D:11     | Found a sparkling altar of Nemelex Xobeh.
 13518 | D:11     | Found a staircase to the Lair.
 13800 | D:11     | Noticed Gastronok
 13816 | D:11     | Killed Gastronok
 14509 | D:12     | Noticed a two-headed ogre
 14525 | D:12     | Killed a two-headed ogre
 14525 | D:12     | Received a gift from Trog
 14525 | D:12     | Reached skill level 5 in Evocations
 14736 | D:12     | Noticed Sonja
 14741 | D:12     | Killed Sonja
 14741 | D:12     | Reached skill level 11 in Shields
 14744 | D:12     | Reached XP level 12. HP: 123/124 MP: 15/15
 14800 | D:12     | Noticed a two-headed ogre
 14815 | D:12     | Killed a two-headed ogre
 15098 | D:12     | Noticed a two-headed ogre
 15103 | D:12     | Killed a two-headed ogre
 15237 | D:12     | Noticed Jorgrun
 15827 | D:13     | Reached skill level 10 in Axes
 15830 | D:13     | Reached skill level 10 in Fighting
 16321 | D:13     | Noticed a soul eater
 16321 | D:13     | Gained mutation: You are occasionally teleported next to
                  | monsters. [a neqoxec]
 16330 | D:13     | Lost mutation: You are occasionally teleported next to
                  | monsters. [potion of mutation]
 16330 | D:13     | Gained mutation: You expend magic power (3 MP) to
                  | strengthen your wands. [potion of mutation]
 16330 | D:13     | Gained mutation: Your muscles are strong. (Str +2) [potion
                  | of mutation]
 16404 | D:12     | Noticed a two-headed ogre
 16435 | D:14     | Found a gate leading to a gauntlet.
 16442 | Gauntlet | Entered a Gauntlet
 16442 | Gauntlet | Found a transporter.
 16559 | Gauntlet | Found a transporter.
 16571 | Gauntlet | Found a transporter.
 16575 | Gauntlet | Found a transporter.
 16584 | Gauntlet | Noticed an entropy weaver
 16585 | Gauntlet | Found a transporter.
 16605 | Gauntlet | Found a transporter.
 16618 | Gauntlet | Found a transporter.
 16635 | Gauntlet | Found a transporter.
 16639 | Gauntlet | Found a transporter.
 16644 | Gauntlet | Noticed a hell hog
 16650 | Gauntlet | Found a transporter.
 16669 | Gauntlet | Found a transporter.
 16671 | Gauntlet | Found a transporter.
 16671 | Gauntlet | Noticed a death yak
 16672 | Gauntlet | Noticed a death yak
 16672 | Gauntlet | Noticed a death yak
 16673 | Gauntlet | Noticed a death yak
 16711 | Gauntlet | Killed a hell hog
 16731 | Gauntlet | Got a pitted marble ring
 16739 | Gauntlet | Identified the ring of Sin {*Slow rF+ rN+ Dex+7} (You found
                  | it in a Gauntlet)
 16899 | Gauntlet | Got a fine hat
 16915 | Gauntlet | Identified the cursed +0 hat "Bics" {rF+ Str+4} (You found
                  | it in a Gauntlet)
 16947 | Gauntlet | Noticed a minotaur
 16957 | Gauntlet | Killed a minotaur
 16994 | Gauntlet | Got an ivory trident
 17169 | D:14     | Noticed a vault guard
 17169 | D:14     | Noticed a vault guard
 17169 | D:14     | Noticed a vault guard
 17169 | D:14     | Noticed a vault guard
 17170 | D:14     | Found a gate to the Vaults.
 17170 | D:14     | Noticed a vault guard
 17170 | D:14     | Noticed a vault guard
 17171 | D:14     | Noticed a vault guard
 17185 | D:14     | Killed a vault guard
 17197 | D:14     | HP: 4/128 [vault guard/+0 bardiche (30)]
 17201 | D:14     | Killed a vault guard
 17201 | D:14     | Reached skill level 12 in Shields
 17205 | D:14     | Killed a vault guard
 17207 | D:14     | Killed a vault guard
 17207 | D:14     | Reached XP level 13. HP: 17/136 MP: 17/17
 17210 | D:14     | Killed a vault guard
 17211 | D:14     | HP: 3/136 [vault guard/+0 dire flail (17)]
 17217 | D:14     | Killed a vault guard
 17218 | D:14     | Killed a vault guard
 17328 | D:14     | Noticed a vault guard
 17573 | D:14     | Killed a vault guard
 17671 | Lair:1   | Entered Level 1 of the Lair of Beasts
 17872 | Lair:1   | Identified the cursed +1 trident "Tewiqif" {pierce, rPois
                  | rC+ Stlth+} (You found it in a Gauntlet)
 18832 | Lair:2   | Found a hole to the Spider Nest.
 18836 | Lair:2   | Noticed Harold
 18846 | Lair:2   | HP: 6/137 [komodo dragon (26)]
 18847 | Lair:2   | Slain by a black mamba

Levels and vault maps discovered:
D:1:      dpeg_arrival_more_subterranean_lakeside_camping, layout_basic,
          serial_bayou_pond_b, minmay_fountain_box
D:2:      layout_loops_ring, first_ration, serial_rivers,
          chequers_serial_rivers_small_b, chequers_serial_rivers_small_a,
          chequers_serial_rivers_micro_d, chequers_serial_rivers_small_b,
          chequers_serial_rivers_small_b, roderic_roman_lattice,
          minmay_misc_feat_iff, corexii_corridor_pit, st_stairs_8
D:3:      minmay_door_path, layout_loops_ring, nicolae_tso_swordbearing_angel,
          serial_bayou_pond_c
D:4:      layout_basic, minmay_temple_entry_mini_moons, due_unseen_surprise
D:5:      layout_basic, basic_altar
D:6:      layout_loops_ring, lemuel_coloured_pillars_altar,
          gammafunk_temple_overflow_forgotten, nicolae_overflow_crystal_walls,
          kb_lookout_dungeons_type
D:7:      layout_basic, enter_bailey_2, grunt_ogre_cave
D:8:      layout_layer_cave
D:9:      minmay_the_grid_four_pointed_star [minmay_the_grid_triangle_9x9_alien,
          minmay_the_grid_triangle_9x9_impossible_snake,
          minmay_the_grid_triangle_9x9_pentomino_pain,
          minmay_the_grid_triangle_9x9_sprig,
          minmay_the_grid_prize_diamond_cup], layout_gridville, orc_0_dummy
D:10:     layout_irregular_city, serial_shops, shop,
          nicolae_straight_to_the_point
D:11:     layout_basic, due_lair_maze_entry_diamond, basic_altar,
          nrook_guardian_serpent_ordinary, uniq_gastronok
D:12:     layout_irregular_city, minmay_misc_feat_encased, trog_wizard,
          uniq_sonja, uniq_jorgrun
D:13:     layout_long_grid, minivault_11
D:14:     layout_stronghold, erik_vaults_2, gauntlet_entry_generic,
          item_on_display_a
Temple:   compressed_dpeg_circular_temple
Lair:1:   layout_cave_pods, serial_bayou_shore_b, grunt_megastairs_5,
          serial_bayou_shore_b, serial_bayou_shore_b
Lair:2:   layout_cave_pods, dummy_spider_entry, lemuel_fruit_tree,
          serial_bayou_shore_b, uniq_harold

Skill      XL: |  1  2  3  4  5  6  7  8  9 10 11 12 13 |
---------------+----------------------------------------+-----
Axes           | 4 5 6 7 8 9 10 | 10.8
Shields        | 1 2 3 4 5 7 8 9 11 12 | 12.5
Throwing       | 2 3 5 6 7 8 |  8.4
Fighting       | 6 8 9 10 11 | 11.3
Evocations     | 2 3 5 6 |  6.6
Dodging        | |  2.6

Action                   |  1- 3 |  4- 6 |  7- 9 | 10-12 | 13-15 || total
-------------------------+-------+-------+-------+-------+-------++-------
Melee: Hand axe          |    95 |   357 |   453 |       |       ||   905
       War axe           |       |       |   126 |   422 |    67 ||   615
Throw: Boomerang         |       |     2 |     9 |    20 |     5 ||    36
Invok: Berserk           |     1 |     3 |     3 |     3 |     1 ||    11
       Trog's Hand       |       |     3 |     4 |     3 |       ||    10
       Brothers in Arms  |       |       |       |     7 |       ||     7
Evoke: Wand              |       |       |     5 |     2 |       ||     7
  Use: Scroll            |       |     7 |    11 |     7 |     5 ||    30
       Potion            |       |     2 |     1 |     8 |     2 ||    13
 Stab: Paralysed         |       |       |     2 |       |       ||     2
       Sleeping          |       |       |     1 |     1 |       ||     2
  Eat: Chunk             |     2 |     6 |    18 |    19 |     3 ||    48
       Ration            |     1 |     2 |     2 |     4 |       ||     9
Armor: Animal skin       |    61 |    58 |    41 |     6 |       ||   166
       Troll leather arm |       |       |       |    44 |    15 ||    59
Dodge: Dodged            |    62 |   113 |   144 |   110 |    25 ||   454
Block: Shield            |    22 |   172 |   325 |   315 |    60 ||   894
